 Dungeon Crawl Stone Soup version 0.21-a0-128-gf2b353c (webtiles) character file.

144 Charly the Skirmisher (level 5, 0/54 HPs)
             Began as an Ogre Transmuter on July 16, 2017.
             Was an Initiate of Cheibriados.
             Slain by a bullfrog zombie (5 damage)
             ... on level 5 of the Dungeon.
             The game lasted 00:09:15 (764 turns).

Charly the Skirmisher (Ogre Transmuter)              Turns: 764, Time: 00:09:15

Health: 0/54       AC:  2    Str: 15    XL:     5   Next: 26%
Magic:  4/8        EV: 19    Int: 20    God:    Cheibriados [......]
Gold:   18         SH:  0    Dex: 15    Spells: 2/8 levels left

rFire    . . .     SeeInvis .     - Unarmed
rCold    . . .     Gourm    .   (shield currently unavailable)
rNeg     . . .     Faith    .   (armour currently unavailable)
rPois    x         Spirit   .   (helmet currently unavailable)
rElec    .         Reflect  .   (cloak currently unavailable)
rCorr    .         Harm     .   (gloves unavailable)
MR       .....                  (boots unavailable)
Stlth    +.........             (no amulet)
HPRegen  0.18/turn              l - +4 ring of intelligence
MPRegen  0.11/turn              (no ring)

@: spider-form, very slow
A: unfitting armour
a: End Transformation, Bend Time, Renounce Religion


You were on level 5 of the Dungeon.
You worshipped Cheibriados.
Cheibriados was noncommittal.
You were not hungry.
You were a venomous arachnid creature.
You visited 2 branches of the dungeon, and saw 6 of its levels.
You also visited: Ossuary.

You collected 18 gold pieces.

Inventory:

Missiles
 a - 6 arrows
 k - a throwing net (quivered)
Armour
 b - a +0 robe (melded)
Magical Staves
 n - an uncursed staff of fire
Jewellery
 l - a +4 ring of intelligence (left front leg)
Scrolls
 e - a scroll of random uselessness {unknown}
 f - 5 scrolls of teleportation
 g - 4 scrolls of identify
 h - 2 scrolls of enchant armour
 i - a scroll of recharging {unknown}
 j - a scroll of amnesia {unknown}
Books
 c - a book of Changes

   Spells                             Type                      Level
   a - Beastly Appendage              Transmutation                1
   b - Sticks to Snakes               Transmutation                2
   c - Spider Form                    Transmutation/Poison         3
   d - Ice Form                       Ice/Transmutation            4
   e - Blade Hands                    Transmutation                5
Comestibles
 d - 2 bread rations
 m - 2 fruits


   Skills:
 - Level 4.0 Fighting
 - Level 1.7 Dodging
 + Level 3.7 Unarmed Combat
 - Level 2.4 Spellcasting
 - Level 2.4 Transmutations
 - Level 1.3 Poison Magic


You had 2 spell levels left.
You knew the following spells:

 Your Spells              Type           Power        Failure   Level  Hunger
a - Beastly Appendage     Tmut           ##....       16%         1    #......
s - Sticks to Snakes      Tmut           ##......     22%         2    ##.....
S - Spider Form           Tmut/Pois      ##........   41%         3    ###....


Dungeon Overview and Level Annotations

Branches:
Dungeon (5/15)             Temple (1/1) D:4

Altars:
Ashenzari
Cheibriados
Dithmenos
Gozag
Nemelex Xobeh
Vehumet
Wu Jian
Zin
The Shining One


Innate Abilities, Weirdness & Mutations

You are too large for most types of armour.
((You have tough skin. (AC +1)))


Message History

* * * LOW HITPOINT WARNING * * *
You hit the bullfrog zombie.
The bullfrog zombie is lightly damaged.
The bullfrog zombie completely misses you.
You hit the bullfrog zombie.
The bullfrog zombie is lightly damaged.
The bullfrog zombie hits you but does no damage.
You hit the bullfrog zombie.
The bullfrog zombie is moderately damaged.
The bullfrog zombie hits you.
* * * LOW HITPOINT WARNING * * *
You bite the bullfrog zombie!
The bullfrog zombie is heavily damaged.
The bullfrog zombie completely misses you.
You bite the bullfrog zombie!
The bullfrog zombie is severely damaged.
The bullfrog zombie hits you.
* * * LOW HITPOINT WARNING * * *
The bullfrog zombie hits you.
You die...

#### .... #..# ### #..#
...#..# # #.#..######
#. #....Z.?..#
#.###.#.s# #.....#..#
#......# ##.##.#######
## ##.#.#........ #.#
#...#.########
#.###.#........#
#.###.#######.## #####
#.#...#####...###......


You could see a bullfrog zombie.

Vanquished Creatures
  A phantom (D:5)
  A worker ant (D:5)
  An adder skeleton (D:4)
  A dart slug (D:3)
  A ball python (D:2)
  A giant cockroach (D:3)
  3 hobgoblins
  A frilled lizard (D:2)
  A kobold (D:1)
  A quokka skeleton (D:4)
  4 rats
  A rat zombie (D:4)
17 creatures vanquished.

Vanquished Creatures (collateral kills)
  A worker ant (D:4)
  A hound skeleton (D:4)
  A bat (D:3)
3 creatures vanquished.

Grand Total: 20 creatures vanquished

Notes
Turn   | Place    | Note
-------+----------+-------------------------------------------
     0 | D:1      | Charly the Ogre Transmuter began the quest for the Orb.
     0 | D:1      | Reached XP level 1. HP: 19/19 MP: 3/3
    82 | D:2      | Reached skill level 2 in Fighting
   149 | D:3      | Reached XP level 2. HP: 25/28 MP: 3/5
   173 | D:3      | Learned a level 2 spell: Sticks to Snakes
   279 | D:5      | Entered Level 5 of the Dungeon
   330 | D:4      | Reached XP level 3. HP: 27/36 MP: 3/6
   335 | D:4      | Learned a level 3 spell: Spider Form
   368 | D:4      | Reached skill level 1 in Poison Magic
   377 | D:4      | Found a sand-covered staircase.
   391 | Ossuary  | Entered an ossuary
   427 | D:4      | Found a staircase to the Ecumenical Temple.
   487 | D:5      | Reached XP level 4. HP: 35/44 MP: 0/7
   497 | D:5      | Noticed a phantom
   534 | Temple   | Entered the Ecumenical Temple
   539 | Temple   | Became a worshipper of Cheibriados the Contemplative
   722 | D:5      | Killed a phantom
   722 | D:5      | Reached skill level 4 in Fighting
   722 | D:5      | Reached XP level 5. HP: 12/54 MP: 1/8
   764 | D:5      | Slain by a bullfrog zombie

Vault maps used:
D:1:      scummos_arrival_checkerplants
D:2:      first_bread, serial_glass, glass_columns_a, glass_columns_c,
          uniq_crazy_yiuf_cottage, uniq_terence, uniq_robin
D:3:      minmay_misc_feat_nine_boxes, serial_bayou_pond_d
D:4:      minmay_temple_entry_from_below_b, enter_ossuary_3
D:5:      basic_altar, roderic_serpentine_path
Temple:   compressed_dpeg_triangle_lava_temple
Ossuary:  ossuary_zaba_flooded

Skill      XL: |  1  2  3  4 |
---------------+-------------+-----
Fighting       | 2 4 |  4.0
Unarmed Combat | 3 |  3.7
Poison Magic   | 1 |  1.3
Transmutations | 2 |  2.4
Dodging        | |  1.7
Spellcasting   | |  2.4

Action                   |  1- 3 |  4- 6 || total
-------------------------+-------+-------++-------
Melee: Unarmed           |    68 |    35 ||   103
       Kick              |     4 |       ||     4
       Headbutt          |     3 |       ||     3
       Punch             |     1 |       ||     1
 Cast: Beastly Appendage |     6 |       ||     6
       Sticks to Snakes  |     4 |     2 ||     6
       Spider Form       |     1 |     5 ||     6
 Abil: End Transformatio |       |     2 ||     2
  Use: Scroll            |     3 |       ||     3
       Potion            |       |     1 ||     1
  Eat: Royal jelly       |     1 |       ||     1
Armor: Robe              |    12 |     2 ||    14
       Skin              |     1 |     4 ||     5
Dodge: Dodged            |    38 |    20 ||    58
